 Dungeon Crawl Stone Soup version 0.15-a0-1506-g1b030bc (webtiles) character file.

151181 Herrn the Severer (level 17, 111/142 HPs)
             Began as a Demonspawn Fighter on June 13, 2014.
             Was the Champion of Cheibriados.
             Quit the game on Level 4 of the Spider Nest on June 15, 2014.
             The game lasted 02:34:10 (27723 turns).

Herrn the Severer (Demonspawn Fighter)             Turns: 27723, Time: 02:34:10

HP 111/142       AC 14     Str 34 (35) XL: 17   Next:  0%
MP  26/26        EV 22     Int 28      God: Cheibriados [******]
Gold 2716        SH 17     Dex 38      Spells:  0 memorised, 16 levels left

rFire  + . .     SeeInvis +     B - +7,+9 war axe "Fathiec" {drain, Str+3 Dex+3}
rCold  + . .     Clarity  .     R - +1 swamp dragon armour
rNeg   . . .     rCorr    +     h - +1 shield {reflect}
rPois  +         rRot     .     (helmet unavailable)
rElec  .         Spirit   .     Z - +2 cloak {MR+}
SustAb .         Warding  .     (gloves unavailable)
rMut   .         Stasis   .     (no boots)
Gourm  .                        e - amulet "Doalagge" {rCorr Str+1 Int+3}
MR     ++++.                    f - ring of protection from fire
                                u - ring of Tuobbeuxto {rC+ MR++}

@: very slow, incredibly resistant to hostile enchantments, unstealthy
A: antennae 3, claws 3, talons 2, powered by death 2, powered by pain 2
a: Bend Time, Temporal Distortion, Slouch, Step From Time, Renounce Religion


You were on level 4 of the Spider Nest.
You worshipped Cheibriados.
Cheibriados was exalted by your worship.
You were hungry.

You visited 5 branches of the dungeon, and saw 32 of its levels.
You also visited: Ice Cave.

You collected 3410 gold pieces.
You spent 694 gold pieces at shops.

Inventory:

Hand weapons
 r - a +5,+0 war axe of flaming
 t - a +2,+1 vampiric war axe
 B - the +7,+9 war axe "Fathiec" (weapon) {drain, Str+3 Dex+3}
   (You found it on level 4 of the Dungeon)

   A truly terrible weapon, it drains the life of those it strikes.
   It affects your strength (+3).
   It affects your dexterity (+3).
Armour
 h - a +1 shield of reflection (worn)
 o - the +18 shield of the gong {rElec rN+ MR+ EV-5}
   (You found it on level 2 of the Spider Nest)

   It affects your evasion (-5).
   It insulates you from electricity.
   It protects you from negative energy.
   It affects your resistance to hostile enchantments.
 R - a +1 swamp dragon armour (worn)
 Y - a +1 plate armour of fire resistance
 Z - a +2 cloak of magic resistance (worn)
Magical devices
 a - a wand of digging (13)
 c - a wand of digging (7)
 q - a wand of teleportation (2)
 F - a wand of digging (8)
 M - a wand of lightning (2)
 T - a wand of digging (19)
Comestibles
 d - 13 bread rations
 s - 10 meat rations
 K - 4 chunks of Arachne flesh
 Q - 9 fruits
 W - 2 royal jellies
Scrolls
 b - 10 scrolls of teleportation
 g - 2 scrolls of identify
 i - 12 scrolls of remove curse
 j - 5 scrolls of enchant weapon I
 l - a scroll of blinking
 p - a scroll of silence
 v - a scroll of enchant weapon III
 y - a scroll of brand weapon
 H - 3 scrolls of summoning
 I - 3 scrolls of recharging
 J - 3 scrolls of magic mapping
 P - 2 scrolls of enchant weapon II
 V - a scroll of holy word
Jewellery
 e - the amulet "Doalagge" (around neck) {rCorr Str+1 Int+3}
   (You found it on level 4 of the Dungeon)

   [amulet of resist corrosion]

   It protects you from acid and corrosion.
   It affects your strength (+1).
   It affects your intelligence (+3).
 f - a ring of protection from fire (right claw)
 n - an uncursed ring of flight
 u - the ring of Tuobbeuxto (left claw) {rC+ MR++}
   (You found it in an ice cave)

   [ring of protection from cold]

   It protects you from cold.
   It affects your resistance to hostile enchantments.
 w - an uncursed ring of protection from cold
 A - an uncursed ring of positive energy
 D - an uncursed ring of see invisible
 G - an uncursed ring of sustain abilities
Potions
 k - a potion of might
 m - a potion of flight
 x - a potion of magic
 z - 13 potions of curing
 C - 2 potions of agility
 E - 3 potions of restore abilities
 L - 4 potions of resistance
 N - a potion of brilliance
 S - 3 potions of heal wounds


   Skills:
 * Level 15.4 Fighting
 * Level 16.7 Axes
 + Level 9.4 Armour
 + Level 8.8 Dodging
 + Level 11.7 Shields
 - Level 6.1 Invocations
 * Level 6.4 Evocations


You had 16 spell levels left.
You didn't know any spells.

Dungeon Overview and Level Annotations

Branches:
Dungeon (15/15)            Temple (1/1) D:4             Orc (4/4) D:9
    Elf (0/3) Orc:4          Lair (8/8) D:10         Shoals (0/5) Lair:4
 Spider (4/5) Lair:6        Slime (0/6) Lair:7       Vaults (0/5) D:14
 Depths (0/5) D:15

Altars:
Ashenzari
Cheibriados
Dithmenos
Elyvilon
Fedhas
Gozag
Kikubaaqudgha
Makhleb
Nemelex Xobeh
Okawaru
Qazlal
Sif Muna
Trog
Vehumet
Xom
Yredelemnul
Zin
The Shining One
Beogh

Shops:
D:4 [=?*[   D:5 =   D:10 !%%   D:11 =:*%   D:15 }[   Orc:3 }   Orc:4 ([?[


Innate Abilities, Weirdness & Mutations

You have a pair of large antennae on your head (SInv).
You have claws for hands.
You have razor-sharp toenails.
You can steal the life force of defeated enemies.
You sometimes gain power by taking damage.


Message History

The orb spider spins a strand of pure energy.
The orb spider weaves a glowing orb of energy.
Your +1 shield of reflection reflects the orb of destruction!
The orb of destruction hits a rock wall.
You hear a grinding noise.
The orb spider pulsates with a strange energy.
Found a stone staircase leading down.
The orb spider weaves a glowing orb of energy.
Your +1 shield of reflection reflects the orb of destruction!
The orb spider pulsates with a strange energy.
The orb of destruction hits the orb spider.
You blow up the orb spider!
Cheibriados appreciates the change of pace.
You have reached level 17!
Your demonic ancestry asserts itself...
The antennae on your head grow some more.
Unknown command.
Unknown command.
Unknown command.
Are you sure you want to abandon this character and quit the game? (Confirm with "yes".)

####..##.##
##.........#
##.^..###....#
#.#)#.#.#.....
##..#.....^.#.
###.#..#.....#
#...#%.....### #
##ยง##.##^..#
#.>##<@.(#.#### ## ###
#^.......##..## .###^.#
#...#.....#^..##...#...
..##
###.#...##..###.... #
##..#.%........##
#...<....##..##.
#..#............
.....###.|.^.#...#
#.....###..^..#...#


There were no monsters in sight!

Vanquished Creatures
  Arachne (Spider:4)
  Rupert (Lair:3)
  Roxanne (Spider:2)
  3 ghost moths (Spider:3)
  Donald (Orc:4)
  A frost giant (IceCv)
  2 emperor scorpions (Spider:3)
  3 rakshasas
  An orc warlord (Orc:4)
  A dire elephant (Lair:8)
  A yaktaur captain (D:15)
  A vault guard (D:14)
  Fannar (Orc:2)
  14 hydras
  Erica (Lair:8)
  2 tengu warriors (D:15)
  A deep troll shaman (Lair:8)
  An orc high priest (Orc:4)
  17 death yaks
  Urug (Spider:1)
  Nergalle (Orc:4)
  A fire crab (D:14)
  2 unseen horrors
  11 orb spiders
  6 centaur warriors
  Pikel (D:8)
  A wizard (D:14)
  8 hill giants
  An orc sorcerer (Orc:1)
  A necromancer (D:14)
  A griffon (Lair:8)
  2 manticores
  A sixfirhy (D:13)
  A red wasp (Spider:4)
  14 wolf spiders
  4 orc knights
  2 catoblepae
  9 black mambas
  A moth of wrath (Spider:3)
  An iron devil (Orc:4)
  3 mermaids (Lair:4)
  Maurice (D:8)
  A feature mimic (Orc:4)
  A gargoyle (D:12)
  Joseph (D:8)
  8 elephants
  Psyche (D:9)
  5 spiny frogs
  A centaur zombie (D:11)
  12 demonic crawlers
  2 cyclopes
  2 kobold demonologists
  22 jumping spiders
  5 komodo dragons
  A yaktaur (D:15)
  13 polar bears
  3 two-headed ogres
  4 slime creatures (D:13)
  An ice dragon zombie (D:15)
  2 boulder beetles (Lair:8)
  A brown ooze (Lair:7)
  A hydra skeleton (D:10)
  22 tarantellas
  A raven (D:15)
  5 fire drakes
  A merfolk (Lair:4)
  2 deep elf magi
  7 trolls
  2 ynoxinuls (Orc:4)
  5 basilisks
  11 trapdoor spiders
  2 shadows
  41 redbacks
  A wyvern (D:15)
  A spriggan (D:7)
  7 sharks
  21 humans (D:14)
  23 blink frogs
  A neqoxec (Orc:4)
  A wraith (D:10)
  13 hippogriffs
  3 fire bats (Lair:1)
  2 hungry ghosts
  A vampire (D:13)
  5 vampire mosquitoes
  Eustachio (D:9)
  12 ugly things
  71 yaks
  Edmund (D:9)
  A deep elf fighter (D:15)
  Grum (D:8)
  31 wolves
  2 mottled dragons
  12 water moccasins
  45 orc warriors
  6 phantoms
  13 porcupines
  A necrophage (D:9)
  16 ogres
  20 crocodiles
  2 slaves (D:8)
  8 sky beasts
  13 spiders
  5 ice beasts
  A steam dragon (Lair:7)
  A yaktaur zombie (D:15)
  40 centaurs
  A warg (Orc:4)
  5 black bears
  21 giant frogs
  4 big kobolds
  A brain worm (D:13)
  Blork the orc (D:8)
  A water moccasin zombie (D:13)
  A cyclops zombie (D:10)
  A gnoll sergeant (D:10)
  A yak zombie (D:9)
  2 troll zombies
  11 killer bees
  A yak skeleton (D:8)
  2 yellow wasps
  8 scorpions
  4 electric eels
  A troll skeleton (D:10)
  3 vampire bats (Lair:7)
  7 crimson imps
  A soldier ant zombie (D:10)
  7 jellies
  4 centaur skeletons
  33 orc priests
  An elf zombie (D:10)
  A giant frog zombie (D:13)
  An elf skeleton (D:11)
  8 big fish
  A giant frog skeleton (D:11)
  3 boring beetles
  10 iguanas
  10 hounds
  39 orc wizards
  2 gnoll shamans
  5 goliath beetles
  13 worker ants
  Jessica (D:2)
  27 sheep
  A hound skeleton (D:9)
  An ogre skeleton (D:11)
  12 gnolls
  41 green rats
  8 shadow imps
  18 adders
  An inept feature mimic (D:4)
  3 giant mites
  5 ufetubi
  3 worms
  3 orc zombies
  An iguana skeleton (D:8)
  An iguana zombie (D:12)
  2 orc skeletons
  A giant gecko (D:11)
  3 oozes (Lair:7)
  228 orcs
  2 ball pythons
  24 bats
  A bat zombie (D:7)
  25 hobgoblins
  13 jackals
  17 quokkas
  5 giant cockroaches
  8 giant newts
  3 giant spores
  17 goblins
  2 hobgoblin skeletons
  A hobgoblin zombie (D:8)
  37 kobolds
  A quokka skeleton (D:5)
  14 rats
  A rat skeleton (D:7)
  15 ballistomycetes
  5 fungi
  2 plants
1464 creatures vanquished.

Vanquished Creatures (others)
  A hill giant zombie (D:9)
  A wolf (IceCv)
  A yak (IceCv)
  A slave (D:8)
  An adder (D:8)
  An orc (D:12)
  A giant spore (D:8)
  2 ballistomycetes
  3 fungi
  A plant (Lair:8)
13 creatures vanquished.

Grand Total: 1477 creatures vanquished

Notes
Turn   | Place    | Note
--------------------------------------------------------------
     0 | D:1      | Herrn, the Demonspawn Fighter, began the quest for the Orb.
     0 | D:1      | Reached XP level 1. HP: 18/18 MP: 1/1
     2 | D:1      | Noticed a demigod
     2 | D:1      | Noticed a draconian
     4 | D:1      | Noticed a minotaur
     6 | D:1      | Noticed a gargoyle
     6 | D:1      | Noticed an ogre
     8 | D:1      | Noticed an octopode
     8 | D:1      | Noticed a naga
    10 | D:1      | Noticed a troll
    10 | D:1      | Noticed a human
    12 | D:1      | Noticed a felid
    14 | D:1      | Noticed a centaur
    16 | D:1      | Noticed a ghoul
    16 | D:1      | Noticed a vampire
    18 | D:1      | Noticed a spriggan
    18 | D:1      | Noticed a merfolk
    20 | D:1      | Noticed a demonspawn
    22 | D:1      | Noticed a tengu
    24 | D:1      | Noticed a formicid
    24 | D:1      | Noticed an elf
    26 | D:1      | Noticed a vine stalker
    26 | D:1      | Noticed a dwarf
   305 | D:1      | Gained mutation: You can steal the life force of nearby defeated enemies. [demonic ancestry]
   305 | D:1      | Reached XP level 2. HP: 22/24 MP: 2/2
   550 | D:1      | Reached XP level 3. HP: 29/29 MP: 3/3
   816 | D:2      | Found a sparkling altar of Nemelex Xobeh.
   819 | D:2      | Found an iron altar of Okawaru.
   822 | D:2      | Found a stormy altar of Qazlal.
   835 | D:2      | Noticed Jessica
   838 | D:2      | Killed Jessica
   862 | D:2      | Reached skill level 1 in Dodging
   862 | D:2      | Gained mutation: You have sharp toenails. [demonic ancestry]
   862 | D:2      | Reached XP level 4. HP: 34/37 MP: 4/4
   969 | D:2      | Reached skill level 4 in Fighting
  1350 | D:3      | Gained mutation: You can steal the life force of defeated enemies. [demonic ancestry]
  1350 | D:3      | Reached XP level 5. HP: 42/42 MP: 5/5
  2040 | D:4      | Found a staircase to the Ecumenical Temple.
  2068 | Temple   | Entered the Ecumenical Temple
  2398 | D:4      | Reached XP level 6. HP: 45/49 MP: 6/6
  2449 | D:4      | Found Qeakiase's Antique Armour Shoppe.
  2450 | D:4      | Got a warped sapphire amulet
  2452 | D:4      | Identified the amulet "Doalagge" {rCorr Str+1 Int+3} (You found it on level 4 of the Dungeon)
  2479 | D:4      | Found Asaelliutt's Jewellery Boutique.
  2494 | D:4      | Found Ojaag's Magic Scroll Shoppe.
  2544 | D:4      | Got a twisted war axe
  2545 | D:4      | Identified the +7,+9 war axe "Fathiec" {drain, Str+3 Dex+3} (You found it on level 4 of the Dungeon)
  2612 | D:4      | Found a bloodstained altar of Trog.
  2637 | D:4      | Found Javvayla's Armour Boutique.
  2703 | D:4      | Found Waxzeaha's Assorted Antiques.
  2715 | D:4      | Bought a bubbling silvery potion for 21 gold pieces
  2715 | D:4      | Bought a scroll of identify for 48 gold pieces
  2715 | D:4      | Bought a scroll labeled PLAIGU NEAM for 24 gold pieces
  2797 | D:4      | Noticed an ogre
  2803 | D:4      | Killed an ogre
  2970 | D:5      | Entered Level 5 of the Dungeon
  2976 | D:5      | Reached skill level 5 in Fighting
  3053 | D:5      | Found a shattered altar of Ashenzari.
  3084 | D:5      | Gained mutation: You have sharp fingernails. [demonic ancestry]
  3084 | D:5      | Reached XP level 7. HP: 56/56 MP: 7/7
  3155 | D:5      | Found a shadowy altar of Dithmenos.
  3195 | D:5      | Found Mabroygo's Jewellery Emporium.
  4098 | D:6      | Found a snail-covered altar of Cheibriados.
  4107 | D:6      | Reached skill level 6 in Fighting
  4107 | D:6      | Reached skill level 5 in Axes
  4107 | D:6      | Gained mutation: You have razor-sharp toenails. [demonic ancestry]
  4107 | D:6      | Reached XP level 8. HP: 43/64 MP: 8/8
  4112 | D:6      | Became a worshipper of Cheibriados the Contemplative
  4789 | D:7      | Reached skill level 7 in Fighting
  4789 | D:7      | Reached XP level 9. HP: 68/72 MP: 9/9
  4919 | D:8      | Noticed Grum
  4925 | D:8      | Reached skill level 5 in Shields
  4930 | D:8      | Killed Grum
  5035 | D:8      | Found a deep blue altar of Sif Muna.
  5085 | D:8      | Noticed Maurice
  5302 | D:8      | Reached skill level 5 in Armour
  5447 | D:8      | Acquired Cheibriados' first power
  5514 | D:8      | Reached skill level 8 in Axes
  5520 | D:8      | Noticed Joseph
  5541 | D:8      | Gained mutation: You have a pair of small antennae on your head. [demonic ancestry]
  5541 | D:8      | Reached XP level 10. HP: 49/80 MP: 9/11
  5551 | D:8      | Killed Joseph
  5685 | D:8      | Noticed Pikel
  5689 | D:8      | Killed Pikel
  5689 | D:8      | Acquired Cheibriados' second power
  5704 | D:8      | Noticed Blork the orc
  5709 | D:8      | Killed Blork the orc
  5740 | D:8      | Found a blossoming altar of Fedhas.
  5872 | D:8      | Killed Maurice
  6149 | D:9      | Reached skill level 9 in Axes
  6201 | D:9      | Found a roughly hewn altar of Beogh.
  6205 | D:9      | Found a staircase to the Orcish Mines.
  6251 | D:9      | Found a burning altar of Makhleb.
  6310 | D:9      | Noticed Eustachio
  6318 | D:9      | Killed Eustachio
  6355 | D:9      | Noticed Psyche
  6362 | D:9      | Killed Psyche
  6362 | D:9      | Acquired Cheibriados' third power
  6362 | D:9      | Reached skill level 5 in Dodging
  6741 | D:9      | Found a glowing golden altar of the Shining One.
  6741 | D:9      | Noticed Edmund
  6744 | D:9      | Killed Edmund
  6920 | D:10     | Entered Level 10 of the Dungeon
  6920 | D:10     | Noticed a centaur warrior
  6925 | D:10     | Gained mutation: You have a pair of antennae on your head. [demonic ancestry]
  6925 | D:10     | Reached XP level 11. HP: 89/89 MP: 12/12
  6932 | D:10     | Killed a centaur warrior
  7006 | D:10     | Reached skill level 10 in Axes
  7097 | D:10     | Paralysed by a yellow wasp for 1 turns
  7198 | D:10     | Found Ibuthrukh's Food Shoppe.
  7240 | D:10     | Found Ghecs' Distillery.
  7403 | D:10     | Reached skill level 10 in Fighting
  7404 | D:10     | Found a staircase to the Lair.
  7643 | D:10     | Found Xeaves' Food Shop.
  7789 | D:11     | Reached skill level 11 in Axes
  7827 | D:11     | Found a roughly hewn altar of Beogh.
  7903 | D:11     | Found Mudimurph's Food Emporium.
  7935 | D:11     | Found Niymod's Book Boutique.
  8009 | D:11     | Noticed a hill giant
  8012 | D:11     | Killed a hill giant
  8012 | D:11     | Gained mutation: You sometimes gain a little power by taking damage. [demonic ancestry]
  8012 | D:11     | Reached XP level 12. HP: 88/98 MP: 13/13
  8096 | D:11     | Found Nekkyly's Jewellery Boutique.
  8213 | D:11     | Noticed a four-headed hydra
  8219 | D:11     | Killed a nine-headed hydra
  8572 | D:11     | Found Thuz's General Store.
  8723 | D:11     | Bought a +2,+1 vampiric war axe for 292 gold pieces
  8943 | D:11     | Noticed a hill giant
  9241 | D:12     | Gained mutation: Space occasionally distorts in your vicinity. [mutagenic meat]
  9242 | D:12     | Gained mutation: You are somewhat resistant to further mutation. [mutagenic meat]
  9243 | D:12     | Gained mutation: Your spells are a little harder to cast, but a little more powerful. [mutagenic meat]
  9308 | D:12     | Reached skill level 12 in Axes
  9828 | D:13     | Reached XP level 13. HP: 106/106 MP: 14/14
  9879 | D:13     | Noticed a seven-headed hydra
  9888 | D:13     | Killed a 13-headed hydra
 10467 | Orc:1    | Entered Level 1 of the Orcish Mines
 10543 | Orc:1    | Found a roughly hewn altar of Beogh.
 10656 | Orc:1    | Upgraded the game from 0.15-a0-1472-ge546950 to 0.15-a0-1485-g692b94f
 11060 | Orc:2    | Noticed Fannar
 11068 | Orc:2    | Killed Fannar
 11156 | Orc:2    | Found a bloodstained altar of Trog.
 11249 | Orc:1    | Reached skill level 1 in Invocations
 11502 | Orc:3    | Found Titrewaa's Gadget Emporium.
 11831 | Orc:2    | Found a shimmering altar of Xom.
 11978 | Orc:4    | Entered Level 4 of the Orcish Mines
 12018 | Orc:4    | Noticed an orc warlord
 12043 | Orc:4    | Killed an orc warlord
 12078 | Orc:4    | Gained mutation: Armour fits poorly on your strangely shaped body. [a neqoxec]
 12373 | Orc:4    | Found a roughly hewn altar of Beogh.
 12373 | Orc:4    | Found Woabbif's Antique Weapon Boutique.
 12375 | Orc:4    | Found Gouzaufe's Antique Armour Shop.
 12414 | Orc:4    | Reached skill level 13 in Axes
 12428 | Orc:4    | Found a roughly hewn altar of Beogh.
 12434 | Orc:4    | Found Suaz Efu's Magic Scroll Shoppe.
 12512 | Orc:4    | Found a staircase to the Elven Halls.
 12535 | Orc:4    | Found a roughly hewn altar of Beogh.
 12554 | Orc:4    | Noticed Donald
 12565 | Orc:4    | Killed Donald
 12581 | Orc:4    | Lost mutation: Your spells are a little harder to cast, but a little more powerful. [potion of cure mutation]
 12581 | Orc:4    | Lost mutation: Armour fits poorly on your strangely shaped body. [potion of cure mutation]
 12581 | Orc:4    | Lost mutation: You are somewhat resistant to further mutation. [potion of cure mutation]
 12581 | Orc:4    | Lost mutation: Space occasionally distorts in your vicinity. [potion of cure mutation]
 12769 | Orc:4    | Found a roughly hewn altar of Beogh.
 12790 | Orc:4    | Noticed Nergalle
 12797 | Orc:4    | Killed Nergalle
 12804 | Orc:4    | Found a roughly hewn altar of Beogh.
 12804 | Orc:4    | Found Peffulewk's Armour Boutique.
 13107 | Lair:1   | Entered Level 1 of the Lair of Beasts
 13144 | Lair:1   | Found a frozen archway.
 13148 | IceCv    | Entered an ice cave
 13629 | IceCv    | Gained mutation: You sometimes gain power by taking damage. [demonic ancestry]
 13629 | IceCv    | Reached XP level 14. HP: 116/116 MP: 21/21
 13928 | IceCv    | Noticed a frost giant
 13940 | IceCv    | Killed a frost giant
 13963 | IceCv    | Got an ancient golden ring
 13965 | IceCv    | Identified the ring of Tuobbeuxto {rC+ MR++} (You found it in an ice cave)
 14448 | Lair:1   | Reached skill level 5 in Invocations
 14847 | Lair:2   | Reached skill level 14 in Axes
 15448 | Lair:3   | Noticed Rupert
 15459 | Lair:3   | Killed Rupert
 15961 | Lair:4   | Found a staircase to the Shoals.
 17141 | Lair:5   | Reached skill level 10 in Shields
 17929 | Lair:6   | Found a hole to the Spider Nest.
 18455 | Lair:6   | Gained mutation: You have very sharp fingernails. [demonic ancestry]
 18455 | Lair:6   | Reached XP level 15. HP: 125/125 MP: 25/25
 18831 | Lair:7   | Found a staircase to the Slime Pits.
 19189 | Lair:7   | Found a bloodstained altar of Trog.
 19356 | Lair:7   | Reached skill level 15 in Axes
 19832 | Lair:8   | Entered Level 8 of the Lair of Beasts
 19855 | Lair:8   | Noticed Erica
 19860 | Lair:8   | Killed Erica
 20354 | Lair:8   | Got an iridescent quick blade
 20362 | Lair:8   | Identified the +6,+6 quick blade "Leviticus" {stab, rC+ rN+ MR++ Stlth-} (You found it on level 8 of the Lair of Beasts)
 20585 | Lair:8   | Reached skill level 1 in Evocations
 21751 | D:14     | Upgraded the game from 0.15-a0-1485-g692b94f to 0.15-a0-1506-g1b030bc
 21935 | D:14     | Identified Weorghe's Handbook of Poison (You found it on level 14 of the Dungeon)
 22236 | D:14     | Found a gate to the Vaults.
 22595 | D:15     | Entered Level 15 of the Dungeon
 22750 | D:15     | Found Qeciume's Armour Boutique.
 22758 | D:15     | Found Klesamoa's Gadget Emporium.
 22771 | D:15     | Bought the +1 pair of gloves of Ciudu {MR+} for 309 gold pieces
 22828 | D:15     | Found a staircase to the Depths.
 22833 | D:15     | Gained mutation: You have claws for hands. [demonic ancestry]
 22833 | D:15     | Reached XP level 16. HP: 117/134 MP: 25/25
 23599 | Spider:1 | Entered Level 1 of the Spider Nest
 23939 | Spider:1 | Reached skill level 16 in Axes
 23943 | Spider:1 | Noticed Urug
 23949 | Spider:1 | Killed Urug
 23982 | Spider:1 | Reached skill level 15 in Fighting
 24335 | Spider:2 | Noticed Roxanne
 24741 | Spider:2 | Killed Roxanne
 24741 | Spider:2 | Reached skill level 5 in Evocations
 26667 | Spider:4 | Noticed Arachne
 27630 | Spider:4 | Killed Arachne
 27722 | Spider:4 | Gained mutation: You have a pair of large antennae on your head (SInv). [demonic ancestry]
 27722 | Spider:4 | Reached XP level 17. HP: 111/142 MP: 26/26
 27723 | Spider:4 | Quit the game

Action                   |  1- 3 |  4- 6 |  7- 9 | 10-12 | 13-15 | 16-18 || total
-------------------------+-------+-------+-------+-------+-------+-------++-------
Melee: War axe           |   111 |   183 |   240 |   525 |  1186 |   496 ||  2741
Invok: Temporal Distorti |       |       |       |       |       |    13 ||    13
       Bend Time         |       |       |       |       |       |     1 ||     1
Evoke: Wand              |       |       |     5 |     2 |    35 |     5 ||    47
  Use: Scroll            |       |     7 |     1 |    13 |    17 |     9 ||    47
       Potion            |       |     2 |     4 |     1 |     4 |       ||    11
 Stab: Fleeing           |       |       |       |       |     1 |       ||     1
       Sleeping          |       |       |       |       |     1 |     4 ||     5
       Distracted        |       |       |       |       |       |     2 ||     2
